 Dungeon Crawl Stone Soup version 0.31-a0-1529-g7bd419a0e5 (webtiles) character file.

Game seed: 844793982925345851

847 Fodor the Chopper (level 7, -2/61 HPs)
             Began as a Minotaur Fighter on Dec 31, 2023.
             Killed by divine providence
             ... invoked by an orc priest
              (16 damage)
             ... on level 5 of the Dungeon.
             The game lasted 00:14:59 (3432 turns).

Fodor the Chopper (Minotaur Fighter)                Turns: 3432, Time: 00:15:00

Health: -2/61      AC: 15    Str: 22    XL:     7   Next: 68%
Magic:  6/6        EV:  7    Int:  5    God:
Gold:   173        SH:  0    Dex: 10    Spells: 6/6 levels left

rFire   + . .        w - +0 battleaxe
rCold   x . .        (shield currently unavailable)
rNeg    . . .        m - +0 plate armour
rPois   .            (helmet restricted)
rElec   .            (no cloak)
rCorr   .            t - +0 pair of gloves
SInv    .            l - +0 pair of boots
Will    .....        (no amulet) Stlth
                     a - ring of fire
HPRegen 0.30/turn    (no ring)
MPRegen 0.10/turn

%: no passive effects
@: mighty, hasted, very quick
A: horns 2, retaliatory headbutt
a: no special abilities


You were on level 5 of the Dungeon.
You visited 1 branch of the dungeon, and saw 5 of its levels.

You collected 173 gold pieces.

Inventory:

Hand Weapons
 w - a +0 battleaxe (weapon)
Missiles
 k - 9 boomerangs (quivered)
Armour
 c - a +0 buckler
 i - an orb of wrath
 l - a +0 pair of boots (worn)
 m - a +0 plate armour (worn)
 t - a +0 pair of gloves (worn)
Jewellery
 a - a ring of fire (left hand)
Wands
 s - a wand of iceblast (4)
Scrolls
 e - a scroll of fear {unknown}
 g - 2 scrolls of enchant armour {unknown}
 h - 3 scrolls of identify {unknown}
 o - a scroll of teleportation {unknown}
 r - a scroll of noise {unknown}
 u - a scroll of poison {unknown}
Potions
 b - a potion of degeneration {unknown}
 f - a potion of lignification {unknown}
 j - a potion of haste
 n - a potion of cancellation {unknown}
 p - a potion of ambrosia {unknown}
 v - a potion of brilliance {unknown}


   Skills:
 + Level 5.4 Fighting
 + Level 7.6 Axes
 + Level 6.9 Armour
 + Level 0.9 Dodging
 + Level 0.2 Stealth
 + Level 3.9 Shields


You had 6 spell levels left.
You didn't know any spells.
Your spell library contained the following spells:

 Spells                   Type           Power      Damage    Failure   Level
 Cigotuvi's Dreadful Rot  Necr/Alch/Air  0%         N/A       100%        2
 Inner Flame              Hex/Fire       0%         N/A       100%        3
 Stone Arrow              Conj/Erth      0%         3d7       100%        3
 Animate Armour           Summ/Erth      0%         N/A       100%        4
 Flame Wave               Conj/Fire      0%         2d4       100%        4
 Ignite Poison            Fire/Alch      0%         N/A       100%        4
 Sticky Flame             Fire/Alch      0%         2d4       100%        4
 Freezing Cloud           Conj/Ice/Air   0%         6-21      100%        5
 Lehudib's Crystal Spear  Conj/Erth      0%         10d2      100%        8


Dungeon Overview and Level Annotations

Branches:
Dungeon (5/15)
 Temple: D:4-7

Altars:


Innate Abilities, Weirdness & Mutations

You have a pair of horns on your head.
You reflexively headbutt those who attack you in melee.


Message History

You kill the shadow imp!
The jelly hits you but does no damage.
You slash the jelly!
You kill the jelly!
You slash the adder! Your headbutt misses the adder.
The adder is almost dead.
The adder bites you but does no damage.
You closely miss the adder. Your headbutt misses the adder.
The adder is almost dead.
The adder closely misses you. You furiously retaliate!
You headbutt the adder!
You kill the adder!
Items here: ) [ ††.
A hound comes into view.
The hound barks!
You see here 18 gold pieces.
The hound bites you.
* * * LOW HITPOINT WARNING * * *
You barely miss the hound. The hound completely misses you.
You closely miss the hound. The hound closely misses you.
The hound barely misses you.
You completely miss the hound. The hound bites you.
* * * LOW HITPOINT WARNING * * *
You slash the hound! Your headbutt misses the hound.
The hound is almost dead.
You hear the slow hiss of a distant avalanche of sand.
The hound barely misses you. You furiously retaliate!
You headbutt the hound!
You kill the hound!
You see here a hound corpse.
You now have 173 gold pieces (gained 18).
An orc priest comes into view. It is wielding a +0 hand axe.
The orc priest shouts!
An orc wizard comes into view. It is wielding a +0 dagger.
An orc priest comes into view. It is wielding a +0 short sword.
The orc wizard shouts!
The orc priest shouts!
You see here a white potion.
An orc comes into view. It is wielding a +0 falchion.
An orc wizard comes into view. It is wielding a +0 dagger.
The orc priest invokes the aid of Beogh against you.
Beogh smites you!
You die...

o.o. .o...####### .
..o........ .
#........### .
#.o......8.# .###
#..........# ...#
####..........#
..)####.........@...#
....)..........!#####
...####.........#
.........8......#
##..............#
#.....8.†.8....#
#..............#
#####...<......#
..............#


You could see 2 orc priests, 2 orc wizards and an orc.

Vanquished Creatures
  Pikel (D:5)
  2 lemures (D:5)
  Blork the orc (D:4)
  A bombardier beetle (D:4)
  A jelly (D:5)
  2 hounds (D:5)
  Ijyb (D:3)
  An orc wizard (D:3)
  Robin (D:3)
  4 adders
  2 gnolls (D:4)
  A shadow imp (D:5)
  3 dart slugs
  A ribbon worm (D:4)
  6 orcs
  5 bats
  5 endoplasms
  2 giant cockroaches
  6 hobgoblins
  A quokka (D:2)
  9 ball pythons
  3 frilled lizards
  10 goblins
  2 kobolds
  5 rats
76 creatures vanquished.

Notes
Turn   | Place    | Note
-------+----------+-------------------------------------------
     0 | D:1      | Fodor the Minotaur Fighter began the quest for the Orb.
     0 | D:1      | Reached XP level 1. HP: 19/19 MP: 0/0
   392 | D:1      | Reached XP level 2. HP: 27/27 MP: 1/1
  1334 | D:2      | Reached skill level 3 in Axes
  1368 | D:2      | Reached XP level 3. HP: 33/33 MP: 2/2
  1987 | D:3      | Noticed Ijyb
  1987 | D:3      | Noticed Robin
  2002 | D:3      | Killed Robin
  2003 | D:3      | Reached XP level 4. HP: 40/40 MP: 3/3
  2014 | D:3      | Killed Ijyb
  2015 | D:3      | Reached skill level 4 in Axes
  2310 | D:3      | Reached skill level 5 in Armour
  2310 | D:3      | Reached XP level 5. HP: 46/46 MP: 4/4
  2654 | D:4      | Noticed Blork the orc
  2662 | D:4      | Killed Blork the orc
  2863 | D:4      | Reached skill level 5 in Axes
  3189 | D:4      | Reached XP level 6. HP: 52/53 MP: 5/5
  3373 | D:5      | Entered Level 5 of the Dungeon
  3373 | D:5      | Noticed Pikel
  3402 | D:5      | Killed Pikel
  3403 | D:5      | Reached skill level 5 in Fighting
  3403 | D:5      | Reached skill level 7 in Axes
  3403 | D:5      | Reached XP level 7. HP: 13/61 MP: 6/6
  3432 | D:5      | Killed from afar by an orc priest

Illustrated notes

Levels and vault maps discovered:
D:1:      dpeg_arrival_circle_labyrinth_a, layout_loops_ring
D:2:      cheibrodos_old_hovel, layout_basic, serial_corexii_hall,
          corexii_hall_statues_i, chequers_hall_statues_wall_a,
          corexii_hall_statues_i, corexii_hall_statues_s,
          corexii_hall_statues_t, chequers_hall_statues_wall_a
D:3:      layout_loops_ring, nicolae_goblin_pals, uniq_robin
D:4:      layout_cave_pods, uniq_blork_the_orc
D:5:      layout_basic, serial_undead, serial_undead_b, serial_undead_c,
          serial_undead_b, serial_undead_e, enter_ossuary_2, grunt_ministairs_2,
          minmay_gold_behind_fungi, dk_vineyard_2, uniq_grinder, uniq_pikel,
          uniq_crazy_yiuf_cottage

Skill      XL: |  1  2  3  4  5  6 |
---------------+-------------------+-----
Armour         | 4 5 6 |  6.9
Fighting       | 4 5 |  5.4
Axes           | 3 4 5 7 |  7.6
Dodging        | |  0.9
Stealth        | |  0.2
Shields        | |  3.9

Action                     |  1- 3 |  4- 6 |  7- 9 || total
---------------------------+-------+-------+-------++-------
  Melee: War axe           |    68 |    43 |       ||   111
         Headbutt          |     7 |     7 |       ||    14
         Battleaxe         |       |    35 |     8 ||    43
    Use: Potion            |       |     3 |       ||     3
 Armour: Scale mail        |    13 |       |       ||    13
         Plate armour      |    49 |   112 |     4 ||   165
  Dodge: Dodged            |    40 |    29 |     6 ||    75
  Block: Buckler           |     1 |     1 |       ||     2

Table legend: (Time is in decaauts)
 A = Elapsed time spent in this place.
 B = Non-inter-level travel time spent in this place.
 C = Inter-level travel time spent in this place.
 D = Time resting spent in this place.
 E = Time spent auto-exploring this place.
 F = Levels seen in this place.
 G = Mean time per level.
                   A        B        C        D        E       F      G
               +--------+--------+--------+--------+--------+-----+--------+
         Total |   3547 |   3478 |     69 |    337 |      0 |   5 |  709.4 |
       Dungeon |   3547 |   3478 |     69 |    337 |      0 |   5 |  709.4 |
               +--------+--------+--------+--------+--------+-----+--------+

Top non-repeatable levels by time:
     D:2: 1061 daAuts
     D:4: 988 daAuts
     D:1: 731 daAuts
     D:3: 710 daAuts
     D:5: 56 daAuts
